 Dungeon Crawl Stone Soup version 0.23-a0-837-ga3e6480 (console) character file.

385 bli the Slasher (level 6, -1/48 HPs)
             Began as a Barachi Monk on Jan 24, 2019.
             Was a Believer of Elyvilon.
             Slain by an iguana (5 damage)
             ... on level 3 of the Dungeon.
             The game lasted 00:08:13 (2409 turns).

bli the Slasher (Barachi Monk)                      Turns: 2409, Time: 00:08:14

Health: -1/48      AC:  3    Str: 13    XL:     6   Next: 77%
Magic:  6/6        EV: 15    Int:  7    God:    Elyvilon [**....]
Gold:   211        SH:  0    Dex: 16    Spells: 5/5 levels left

rFire    . . .     SeeInvis .   a - +0 falchion
rCold    . . .     Gourm    .   (no shield)
rNeg     . . .     Faith    .   n - +0 leather armour
rPois    .         Spirit   .   (no helmet)
rElec    .         Reflect  .   (no cloak)
rCorr    .         Harm     .   (no gloves)
MR       .....                  (no boots)
Stlth    ++........             (no amulet)
HPRegen  0.16/turn              v - -3 ring of intelligence (curse)
MPRegen  0.10/turn              (no ring)

@: slow
A: +LOS, swims, slowness 1, strong legs 1
a: Hop, Lesser Healing, Heal Other, Divine Protection, Renounce Religion


You were on level 3 of the Dungeon.
You worshipped Elyvilon.
Elyvilon was pleased with you.
You were not hungry.

You visited 1 branch of the dungeon, and saw 3 of its levels.

You collected 211 gold pieces.

Inventory:

Hand Weapons
 a - a +0 falchion (weapon)
Missiles
 d - 167 stones (quivered)
 m - 20 sling bullets
Armour
 b - a +0 robe
 h - a +0 ring mail
 k - a +0 leather armour
 l - a +0 ring mail
 n - a +0 leather armour (worn)
 o - a +0 chain mail
 q - a +0 scale mail
 r - a +0 chain mail
Jewellery
 v - a cursed -3 ring of intelligence (left hand)
Scrolls
 e - 4 scrolls of remove curse {unknown}
 g - 3 scrolls of teleportation {unknown}
 i - a scroll of immolation {unknown}
 j - a scroll of enchant armour {unknown}
 s - a scroll of enchant weapon {unknown}
Potions
 p - 2 potions of lignification {unknown}
 t - a potion of haste {unknown}
 u - a potion of mutation {unknown}
 w - a potion of heal wounds {unknown}
 x - a potion of degeneration {unknown}
Comestibles
 c - 6 rations
 f - 9 chunks of flesh


   Skills:
 + Level 4.1 Fighting
 * Level 6.9 Long Blades
 + Level 0.8 Armour
 + Level 5.1 Dodging
 + Level 2.6 Stealth


You had 5 spell levels left.
You didn't know any spells.
Your spell library was empty.

Dungeon Overview and Level Annotations

Branches:
Dungeon (3/15)

Altars:
Elyvilon
Gozag
Makhleb


Innate Abilities, Weirdness & Mutations

Shadows flee at your approach. (+LOS)
You can swim through water.
You cover ground slowly.
You can hop short distances.


Message History

The gnoll barely misses you. x2
You hit the gnoll but do no damage.
The gnoll is almost dead.
The gnoll closely misses you.
You riposte.
You slash the gnoll!
You kill the gnoll!
The gnoll hits you from afar with a +0 spear!
You hit the iguana.
The iguana is lightly wounded.
The iguana bites you!
* * * LOW HITPOINT WARNING * * *
You hit the iguana.
The iguana is lightly wounded.
The gnoll misses you. The iguana closely misses you.
You riposte.
You closely miss the iguana.
The iguana is lightly wounded.
The gnoll misses you.
You hit the iguana.
The iguana is moderately wounded.
The iguana bites you.
You die...

#........)....# #....# #
######.######.######....###
#.# #..............
#.#######..####....#..
#.##.......####.......
#.#..#####....#.....#.
#...#######...).....##
#..###......#..[...##
#......######......###
#####.## #....÷.... #@####
#.(....##. #.lg†#
#.......#. ####.#
##..###.#. #.## #.## #.#.
.. #lg# ##.####...
....###.###.........
...........#.........
.....###......#####.# ###
#.......# #.. #....#.#..#
<.. #......# ...###


You could see an iguana and a gnoll.

Vanquished Creatures
  Sigmund (D:2)
  A hound (D:2)
  4 gnolls
  7 adders
  2 oozes (D:1)
  A worm (D:2)
  A leopard gecko (D:3)
  8 orcs (D:3)
  3 giant cockroaches
  4 goblins
  8 hobgoblins
  7 jackals (D:3)
  7 kobolds
  2 quokkas (D:2)
  11 bats
  2 frilled lizards
  9 rats
78 creatures vanquished.

Notes
Turn   | Place    | Note
-------+----------+-------------------------------------------
     0 | D:1      | bli the Barachi Monk began the quest for the Orb.
     0 | D:1      | Reached XP level 1. HP: 18/18 MP: 1/1
    60 | D:1      | Reached XP level 2. HP: 12/25 MP: 2/2
   280 | D:1      | Reached skill level 4 in Long Blades
   652 | D:1      | Reached XP level 3. HP: 29/30 MP: 3/3
   900 | D:2      | Noticed Sigmund
  1033 | D:2      | Found a burning altar of Makhleb.
  1095 | D:2      | Reached skill level 5 in Long Blades
  1095 | D:2      | Reached XP level 4. HP: 25/37 MP: 4/4
  1223 | D:2      | Killed Sigmund
  1223 | D:2      | Reached skill level 6 in Long Blades
  1223 | D:2      | Reached XP level 5. HP: 21/42 MP: 5/5
  1223 | D:2      | Reached XP level 6. HP: 25/48 MP: 6/6
  1228 | D:2      | Reached skill level 5 in Dodging
  1744 | D:2      | Found a faded altar of an unknown god.
  1760 | D:2      | Became a worshipper of Elyvilon the Healer
  1760 | D:2      | Reached * piety under Elyvilon
  1760 | D:2      | Reached ** piety under Elyvilon
  2016 | D:3      | Found an opulent altar of Gozag.
  2409 | D:3      | Slain by an iguana

Vault maps used:
D:1:      elethiomel_arrival_shortcut
D:2:      makhleb_heckhound_becter, chequers_ecumenical_altar_island,
          uniq_sigmund
D:3:      lemuel_round_altar, nicolae_gozag_cash_rules_everything_around_me

Skill      XL: |  1  2  3  4  5  6 |
---------------+-------------------+-----
Long Blades    | 4 5 6 |  6.9
Fighting       | 4 |  4.1
Stealth        | 2 |  2.6
Dodging        | 4 5 |  5.1
Armour         | |  0.8

Action                   |  1- 3 |  4- 6 || total
-------------------------+-------+-------++-------
Melee: Falchion          |    86 |   197 ||   283
 Stab: Sleeping          |     4 |     1 ||     5
       Distracted        |       |     1 ||     1
  Eat: Chunk             |     1 |     5 ||     6
Armor: Robe              |    20 |    15 ||    35
       Leather armour    |       |    20 ||    20
Dodge: Dodged            |    83 |   201 ||   284
       Rpst.: Falchion   |    28 |    48 ||    76

Table legend:
 A = Non-vault XP
 B = Vault XP
 C = Vault XP percentage of total XP
 D = Non-vault monster count
 E = Vault monster count
 F = Vault count percentage of total count
                 A         B        C        D         E       F
            +---------+---------+-------+---------+---------+-------
      Total |     280 |     270 |  49.1 |      76 |       2 |   2.6
            +---------+---------+-------+---------+---------+-------
        D:1 |      64 |       0 |   0.0 |      20 |       0 |   0.0
        D:2 |      89 |     270 |  75.2 |      25 |       2 |   7.4
        D:3 |     127 |       0 |   0.0 |      31 |       0 |   0.0
            +---------+---------+-------+---------+---------+-------
